 Dungeon Crawl Stone Soup version 0.20.1-1-g8b1a95d (webtiles) character file.

119 Gremour the Conjurer (level 4, -5/36 HPs)
             Began as a Draconian Conjurer on Sept 26, 2017.
             Killed from afar by an orc wizard (10 damage)
             ... with a magic dart
             ... on level 3 of the Dungeon.
             The game lasted 00:09:54 (2004 turns).

Gremour the Conjurer (Draconian Conjurer)           Turns: 2004, Time: 00:09:56

Health: -5/36      AC:  6    Str: 10    XL:     4   Next: 73%
Magic:  2/7        EV: 12    Int: 16    God:
Gold:   58         SH:  0    Dex: 12    Spells: 6/7 levels left

rFire    . . .     SeeInvis .   a - +2 whip (elec)
rCold    . . .     Gourm    .   (no shield)
rNeg     . . .     Faith    .   (armour unavailable)
rPois    .         Spirit   .   (helmet restricted)
rElec    .         Reflect  .   (no cloak)
rCorr    .         Harm     .   j - +0 pair of gloves
MR       .....                  (no boots)
Stlth    ++........             (no amulet)
Regen    0.2/turn               (no ring)
MPRegen  0.1/turn               (no ring)

@: no status effects
A: unfitting armour, cold-blooded, AC +5
a: no special abilities


You were on level 3 of the Dungeon.
You were hungry.

You visited 1 branch of the dungeon, and saw 3 of its levels.

You collected 58 gold pieces.

Inventory:

Hand Weapons
 a - a +2 whip of electrocution (weapon)
 e - a +0 spear
Armour
 j - a +0 pair of gloves (worn)
Scrolls
 c - 3 scrolls of amnesia {unknown}
 d - 4 scrolls of identify {unknown}
 g - a scroll of enchant armour {unknown}
 h - 4 scrolls of immolation {unknown}
 i - a scroll of fear {unknown}
 p - a scroll of blinking {unknown}
 r - a scroll of remove curse {unknown}
Potions
 k - a potion of flight {unknown}
 l - a potion of resistance {unknown}
 m - a potion of agility {unknown}
 n - 2 potions of curing {unknown}
 o - a potion of might {unknown}
 q - 2 potions of magic {unknown}
 u - a potion of brilliance {unknown}
Books
 s - a book of Conjurations

   Spells                             Type                      Level
   a - Magic Dart                     Conjuration                  1
   b - Searing Ray                    Conjuration                  2
   c - Dazzling Spray                 Conjuration/Hexes            3
   d - Fulminant Prism                Conjuration/Hexes            4
   e - Force Lance                    Conjuration/Translocation    4
   f - Iskenderun's Mystic Blast      Conjuration                  4
Comestibles
 b - 2 bread rations
 f - 2 meat rations


   Skills:
 * Level 1.8 Fighting
 * Level 2.4 Dodging
 + Level 2.4 Stealth
 * Level 1.7 Unarmed Combat
 + Level 2.1 Spellcasting
 + Level 4.6 Conjurations


You had 6 spell levels left.
You knew the following spells:

 Your Spells              Type           Power        Failure   Level  Hunger
z - Magic Dart            Conj           ###.         3%          1    #......


Dungeon Overview and Level Annotations

Branches:
Dungeon (3/15)

Altars:


Innate Abilities, Weirdness & Mutations

Your plain brown scales are hard. (AC +5)
You cannot fit into any form of body armour.
You are cold-blooded and may be slowed by cold attacks.


Message History

Confirm with . or Enter, or press ? or * to list all spells.
Aiming: Magic Dart
Press: ? - help, Shift-Dir - straight line, f - orc wizard
Aim: an orc wizard, wielding a dagger of electrocution and wearing a robe (almost dead, fast)
The magic dart hits the orc wizard.
The orc wizard is almost dead.
You are feeling hungry.
The orc wizard completely misses you.
Casting: Magic Dart
Confirm with . or Enter, or press ? or * to list all spells.
Aiming: Magic Dart
Press: ? - help, Shift-Dir - straight line, f/p - orc wizard
Aim: an orc wizard, wielding a dagger of electrocution and wearing a robe (almost dead, fast)
The magic dart hits the orc wizard.
The orc wizard is almost dead.
The orc wizard hits you with a dagger of electrocution.
* * * LOW HITPOINT WARNING * * *
The orc wizard gestures at you while chanting.
The magic dart hits you!
You die...

####+#####
#........#
###........#
ยง.........#
#........##.
#o# #. #@#
#.#+### #.#
#.....# #.#
#.....# #.#
#.....# #.#
####.....###
#.#
.......)....
#.#
####.#.###..
#.# .....
#.. #.#
#.##.#. #..


You could see an orc wizard.

Vanquished Creatures
  An orc wizard (D:3)
  An adder (D:3)
  A gnoll (D:2)
  A shadow imp (D:3)
  2 worms
  2 dart slugs (D:1)
  A leopard gecko (D:3)
  8 orcs (D:3)
  2 giant cockroaches
  3 goblins
  5 hobgoblins
  3 jackals (D:1)
  2 kobolds
  2 ball pythons
  5 bats
  2 frilled lizards
  7 rats
48 creatures vanquished.

Notes
Turn   | Place    | Note
-------+----------+-------------------------------------------
     0 | D:1      | Gremour the Draconian Conjurer began the quest for the Orb.
     0 | D:1      | Reached XP level 1. HP: 14/14 MP: 3/3
   172 | D:1      | Reached XP level 2. HP: 21/22 MP: 3/5
   527 | D:1      | Reached skill level 1 in Fighting
   668 | D:1      | Reached skill level 1 in Unarmed Combat
   817 | D:2      | Reached XP level 3. HP: 28/28 MP: 4/6
  1936 | D:3      | Reached XP level 4. HP: 35/35 MP: 7/7
  2004 | D:3      | Killed from afar by an orc wizard

Skill      XL: |  1  2  3 |
---------------+----------+-----
Stealth        | 2 |  2.4
Fighting       | 1 |  1.8
Unarmed Combat | 1 |  1.7
Dodging        | 2 |  2.4
Spellcasting   | |  2.1
Conjurations   | |  4.6

Action                   |  1- 3 |  4- 6 || total
-------------------------+-------+-------++-------
Melee: Unarmed           |    22 |       ||    22
       Spear             |    76 |       ||    76
       Tailslap          |     5 |     4 ||     9
       Punch             |     1 |       ||     1
       Whip              |     5 |    36 ||    41
 Cast: Magic Dart        |    39 |     9 ||    48
 Stab: Sleeping          |     5 |       ||     5
  Eat: Chunk             |     4 |       ||     4
Armor: Skin              |    42 |     5 ||    47
Dodge: Dodged            |    94 |    16 ||   110
